 Dungeon Crawl Stone Soup version 0.28.0-43-g3370ac3207 (webtiles) character file.

Game seed: 11701012041478827079

8 sking99 the Charlatan (level 2, -5/18 HPs)
             Began as an Octopode Artificer on Mar 25, 2022.
             Slain by a gnoll
             ... wielding a +0 spear
              (6 damage)
             ... on level 1 of the Dungeon.
             The game lasted 00:00:26 (124 turns).

sking99 the Charlatan (Octopode Artificer)           Turns: 124, Time: 00:00:26

Health: -5/18      AC:  1    Str: 11    XL:     2   Next: 8%
Magic:  2/2        EV: 17    Int: 13    God:
Gold:   0          SH:  0    Dex: 12    Spells: 1/1 levels left

rFire   . . .      SeeInvis .   a - +0 club
rCold   . . .      Faith    .   (no shield)
rNeg    . . .      Spirit   .   (helmet restricted)
rPois   .          Reflect  .   (no amulet)
rElec   .          Harm     .   e - +4 ring of evasion
rCorr   .          Rampage  .   (no ring)
Will    .....                   (no ring)
Stlth   +++.......              (no ring)
HPRegen 0.06/turn               (no ring)
MPRegen 0.08/turn               (no ring)
                                (no ring)
                                (no ring)

@: no status effects
A: almost no armour, amphibious, 8 rings, camouflage 1, gelatinous body 1,
(nimble swimmer 1), tentacles
a: no special abilities


You were on level 1 of the Dungeon.
You visited 1 branch of the dungeon, and saw 1 of its levels.

Inventory:

Hand Weapons
 a - a +0 club (weapon)
Jewellery
 e - a +4 ring of evasion (left tentacle)
Wands
 b - a wand of flame (15) (quivered)
 c - a wand of charming (15)
Potions
 f - a potion of curing {unknown}
Miscellaneous
 d - a piece from Xom's chessboard (15/15)


   Skills:
 + Level 1.3 Fighting
 + Level 2.5 Dodging
 + Level 1.9 Stealth
 + Level 3.4 Evocations


You had one spell level left.
You didn't know any spells.
Your spell library was empty.

Dungeon Overview and Level Annotations

Branches:
Dungeon (1/15)

Altars:


Innate Abilities, Weirdness & Mutations

You cannot wear most types of armour.
You are amphibious.
You can wear up to eight rings at the same time.
Your skin changes colour to match your surroundings (Stealth+).
Your rubbery body absorbs attacks. (AC +1, EV +1)
((You are camouflaged when in or above water. (Stealth+)))
You have tentacles for arms and can constrict up to eight enemies at once.


Message History

A jackal is nearby!
Found Siorr's Incunabulum of Transmutation and Toxins.
The jackal barks!
You hear a shout!
A hobgoblin comes into view.
You hear a shout!
You hear a bark!
You hear an angry hiss.
You hit the jackal. You grab the jackal.
The jackal is severely wounded.
You constrict the jackal.
You kill the jackal!
A jackal comes into view.
The jackal closely misses you.
You hit the jackal. You grab the jackal.
The jackal is heavily wounded.
You constrict the jackal. The jackal completely misses you.
The jackal misses you.
You hit the jackal.
You kill the jackal!
You have reached level 2!
You barely miss the hobgoblin. You grab the hobgoblin.
You tentacle-slap the hobgoblin.
The hobgoblin is severely wounded.
You constrict the hobgoblin, but do no damage.
The hobgoblin misses you.
You hit the hobgoblin.
You kill the hobgoblin!
The gnoll hits you with a +0 spear!
You hit the gnoll. You grab the gnoll.
The gnoll is lightly wounded.
You constrict the gnoll. The gnoll misses you. The gnoll closely misses you.
You hit the gnoll but do no damage.
The gnoll is moderately wounded.
You constrict the gnoll. The gnoll hits you with a +0 spear!
Ouch! That really hurt!
* * * LOW HITPOINT WARNING * * *
You hit the gnoll but do no damage. You squeeze the gnoll.
The gnoll is almost dead.
You constrict the gnoll.
A goblin comes into view.
It is wielding a +1 dagger of distortion.
The gnoll hits you with a +0 spear.
You die...

#.# #.. .### #.#
#.. :..g. #.#
#.###..... #.#
#..)......
#.#####..#.#..#
#..........(..#
#####........###
#<# #......#g# #.#
#.......@## #.#
#.........#
####.#####.#.#†#.#
#.'..># #.#.......
##.#####
#.#######..# ....#
#.# ..# ###.# #.#
.# #.#######.# .#
#†........#


You could see a gnoll and a goblin (wandering).

Vanquished Creatures
  A dart slug (D:1)
  A hobgoblin (D:1)
  2 jackals (D:1)
  A kobold (D:1)
5 creatures vanquished.

Notes
Turn   | Place    | Note
-------+----------+-------------------------------------------
     0 | D:1      | sking99 the Octopode Artificer began the quest for the Orb.
     0 | D:1      | Reached XP level 1. HP: 13/13 MP: 1/1
   119 | D:1      | Reached XP level 2. HP: 18/18 MP: 2/2
   124 | D:1      | Slain by a gnoll

Illustrated notes

Levels and vault maps discovered:
D:1:      amcnicky_arrival_choice, layout_basic, serial_park_tiny_1,
          minmay_misc_feat_five

Action                   || total
-------------------------++-------
Melee: Club              ||    11
       Constrict         ||     5
       Tentacles         ||     3
       Punch             ||     1
 Stab: Sleeping          ||     2
Dodge: Dodged            ||     6
